AoeStats
← IlDuce.xX82

MegaRandom

510444635Analyzed
3v3 RM · 2d ago on Oct 1, 2026· 66m 41s· 6 players
Game mode
Random Map
Map size
Normal (6 player)
Population
200
Speed
Normal
Resources
Standard
Victory
Conquest
Starting age
Dark Age
Ending age
Imperial Age
RankedLock teamsTeams togetherTeam positionsShared explorationLock speedFull tech treeHidden civsTurbo modeCheats
Victory
Defeat
🇨🇴 Franks · Colombia
673
+15
🇺🇸 Khmer · United States
665
+15
🇺🇸 Britons · United States
607
+17
🇨🇴 Shu · Colombia
657
-16
🇦🇷 Byzantines · Argentina
650
-16
🇦🇷 Mongols · Argentina
623
-15
IlDuce.xX82
5:58 Loom
11:48 Feudal Age
12:41 Double-Bit Axe
13:34 Wheelbarrow
26:04 Castle Age
29:46 Gold Mining
31:28 Crossbowman
33:49 Thumb Ring
34:06 Padded Archer Armor
33:57 Fletching
34:27 Horse Collar
43:03 Hand Cart
43:18 Bow Saw
43:10 Heavy Plow
44:12 Pikeman
44:52 Squires
48:57 Imperial Age
47:19 Caravan
48:59 Arbalester
49:53 Bodkin Arrow
50:14 Leather Archer Armor
50:10 Forging
50:03 Scale Mail Armor
49:56 Capped Ram
51:11 Siege Ram
52:35 Conscription
52:59 Bracer
53:36 Iron Casting
53:17 Chain Mail Armor
REYJAGUAR4660
2:35 Loom
10:51 Feudal Age
11:24 Double-Bit Axe
12:32 Horse Collar
12:58 Town Watch
13:10 Gold Mining
13:16 Stone Mining
14:10 Gold Mining
17:32 Wheelbarrow
21:21 Padded Archer Armor
21:14 Fletching
23:14 Forging
23:40 Scale Mail Armor
23:46 Man-at-Arms
24:42 Arson
27:49 Castle Age
28:50 Thumb Ring
28:06 Crossbowman
28:51 Gambesons
28:27 Long Swordsman
30:16 Leather Archer Armor
29:57 Bodkin Arrow
30:21 Hand Cart
31:19 Chain Mail Armor
31:08 Squires
31:42 Ballistics
31:49 Bow Saw
32:13 Pikeman
33:37 Masonry
33:49 Heavy Plow
34:02 Treadmill Crane
36:08 Murder Holes
36:05 Guard Tower
38:07 Town Patrol
38:20 Fervor
38:02 Heated Shot
39:45 Fortified Wall
41:34 Coinage
41:20 Coiled Serpent Array
41:35 Caravan
41:59 Devotion
44:23 Elite Skirmisher
50:18 Imperial Age
48:35 Medium Warships
48:06 Fishing Lines
47:47 Demolition Ship
50:16 Gillnets
51:32 Ring Archer Armor
51:03 Bracer
51:43 Siege Engineers
52:49 Chemistry
52:06 Arbalester
59:01 Illumination
62:43 Capped Ram
KaiserB
6:26 Loom
7:39 Loom
12:31 Feudal Age
20:44 Castle Age
25:52 Fletching
28:25 Forging
29:31 Crossbowman
29:33 Elite Skirmisher
35:10 Horse Collar
35:17 Double-Bit Axe
47:00 Imperial Age
49:31 Iron Casting
53:55 Cavalier
58:26 Paladin
59:15 Scale Barding Armor
60:49 Wheelbarrow
60:13 Paladin
61:00 Husbandry
63:07 Hand Cart
62:46 Paladin
65:49 Bow Saw
65:47 Heavy Plow
TheFearlessPupil
8:22 Loom
11:45 Feudal Age
11:48 Feudal Age
10:08 Loom
12:45 Double-Bit Axe
13:00 Horse Collar
14:40 Wheelbarrow
16:16 Man-at-Arms
20:56 Gold Mining
20:56 Stone Mining
24:01 Castle Age
22:37 Arson
24:08 Crossbowman
24:12 Long Swordsman
24:38 Gambesons
24:47 Fletching
25:09 Pikeman
33:47 Imperial Age
36:03 Two-Handed Swordsman
38:22 Murder Holes
38:08 Treadmill Crane
38:44 Heavy Plow
39:03 Bow Saw
43:10 Hand Cart
44:47 Champion
48:39 Yeomen
48:50 Elite Longbowman
55:52 Cavalier
58:01 Halberdier
65:54 Forging
65:45 Scale Mail Armor
65:40 Bodkin Arrow
65:45 Padded Archer Armor
AngeloCDLM1946
11:41 Feudal Age
12:09 Town Watch
14:18 Wheelbarrow
16:00 Double-Bit Axe
23:45 Castle Age
23:44 Gold Mining
23:45 Stone Mining
23:50 Light Cavalry
25:16 Husbandry
25:50 Loom
27:14 Gold Shaft Mining
31:12 Town Patrol
31:28 Hand Cart
36:36 Imperial Age
37:36 Cavalier
37:57 Capped Ram
39:00 Bow Saw
39:15 Pikeman
41:23 Guard Tower
41:44 Fortified Wall
41:57 Ballistics
45:12 Heavy Scorpion
57:20 Ordonnance Companies
63:05 Elite Throwing Axeman
67:34 Hoardings
67:20 Conscription
z.chart12
12:45 Feudal Age
13:12 Double-Bit Axe
15:41 Horse Collar
20:48 Castle Age
19:38 Padded Archer Armor
19:28 Fletching
33:05 Scale Barding Armor
35:48 Bow Saw
35:52 Heavy Plow
42:52 Wheelbarrow
42:02 Loom
44:24 Pikeman
44:50 Arson
45:16 Stone Mining
45:16 Gold Mining
50:13 Imperial Age
49:34 Ballistics
49:41 Leather Archer Armor
49:16 Fletching
49:37 Forging
49:27 Scale Mail Armor
49:47 Chain Barding Armor
50:25 Husbandry
50:35 Bloodlines
50:29 Tusk Swords
50:38 Caravan
50:46 Heavy Scorpion
50:51 Elite Battle Elephant
52:14 Ring Archer Armor
51:39 Bodkin Arrow
52:24 Siege Engineers
54:38 Hand Cart
55:15 Stone Shaft Mining
55:15 Gold Shaft Mining
61:45 Conscription
61:46 Double Crossbow
63:18 Crop Rotation
63:30 Iron Casting
63:11 Chain Mail Armor
Connection lost

Rejoining the realm…

Still unreachable

The connection could not be restored.

Session expired

The server has moved on; the page needs a fresh start.